 Dungeon Crawl Stone Soup version 0.24-a0-165-g1b465fe (webtiles) character file.

Game seed: 17574118818803187695

7919 Dfrag the Fighter (level 11, -1/109 (110) HPs)
             Began as a Deep Dwarf Necromancer on Mar 6, 2019.
             Was a High Priest of Makhleb.
             Slain by a merfolk
             ... wielding a +0 spear
              (4 damage)
             ... on level 10 of the Dungeon.
             The game lasted 00:24:51 (10994 turns).

Dfrag the Fighter (Deep Dwarf Necromancer)         Turns: 10994, Time: 00:24:52

HP:   -1/109 (110)  AC:  7    Str: 14    XL:     11   Next: 3%
MP:   3/27 (18)     EV: 12    Int: 19    God:    Makhleb [*****.]
Gold: 569           SH:  7    Dex: 11    Spells: 11/19 levels left

rFire    . . .     SeeInvis .   H - +3 flail
rCold    + . .     Gourm    .   (no shield)
rNeg     . . .     Faith    .   M - +2 leather armour {rC+}
rPois    .         Spirit   .   (no helmet)
rElec    .         Reflect  +   D - scarf {cloud immunity}
rCorr    .         Harm     .   g - +1 pair of gloves
MR       +....                  (no boots)
Stlth    ++........             w - +3 amulet of reflection
HPRegen  0.00/turn              i - +2 ring of strength
MPRegen  0.20/turn              j - ring of magical power

@: non-regenerating, lightly drained
A: damage resistance, heal wounds, large bone plates 1, clumsy 1, mutation
resistance 1, sense surroundings 2, no regeneration
a: Heal Wounds, Minor Destruction, Lesser Servant of Makhleb, Major Destruction,
Greater Servant of Makhleb, Renounce Religion


You were on level 10 of the Dungeon.
You worshipped Makhleb.
Makhleb was extremely pleased with you.
You were not hungry.

You visited 2 branches of the dungeon, and saw 11 of its levels.
You also visited: Bailey.

You collected 569 gold pieces.

Inventory:

Hand Weapons
 s - a +1 dagger of venom
 C - a +0 war axe
 G - a cursed +2 flail of venom
 H - a +3 flail (weapon)
 J - a +2 scimitar
Missiles
 p - 3 javelins of penetration (quivered)
Armour
 g - a +1 pair of gloves (worn)
 z - a +2 robe of the Archmagi
 D - a scarf of cloud immunity (worn)
 I - +0 steam dragon scales
 M - a +2 leather armour of cold resistance (worn)
Jewellery
 i - a +2 ring of strength (left hand)
 j - a ring of magical power (right hand)
 w - a +3 amulet of reflection (around neck)
Wands
 t - a wand of digging (12)
Scrolls
 a - a scroll of blinking {unknown}
 b - a scroll of holy word {unknown}
 d - 5 scrolls of remove curse
 h - 3 scrolls of amnesia
 o - a scroll of immolation {unknown}
 q - 4 scrolls of random uselessness
 r - a scroll of teleportation
 x - 3 scrolls of enchant armour {unknown}
 y - 3 scrolls of fear {unknown}
 A - a scroll of noise {unknown}
 F - 2 scrolls of magic mapping {unknown}
 K - 2 scrolls of identify
 N - a scroll of torment {unknown}
Potions
 e - 2 potions of agility
 f - 2 potions of curing
 k - a potion of brilliance
 l - 3 potions of ambrosia {unknown}
 m - 2 potions of heal wounds
 n - 3 potions of might
 u - a potion of lignification {unknown}
 v - a potion of resistance
 B - a potion of mutation
 E - 2 potions of magic {unknown}
 L - a potion of berserk rage {unknown}
Comestibles
 c - 11 rations
 O - 9 chunks of flesh


   Skills:
 - Level 10.5(10.2) Fighting
 * Level 8.6(8.3) Axes
 - Level 2.1(1.9) Dodging
 + Level 3.6(3.4) Stealth
 - Level 4.9(4.7) Spellcasting
 - Level 7.5(7.3) Necromancy
 - Level 6.6(6.3) Invocations


You had 11 spell levels left.
You knew the following spells:

 Your Spells              Type           Power        Failure   Level  Hunger
a - Pain                  Necr           ####         1%          1    None
b - Vampiric Draining     Necr           ####......   2%          3    ###....
c - Animate Dead          Necr           N/A          9%          4    ####...

Your spell library contained the following spells:

 Spells                   Type           Power        Failure   Level  Hunger
 Animate Skeleton         Necr           N/A          1%          1    None
 Blink                    Tloc           N/A          24%         2    #......
 Shroud of Golubria       Chrm/Tloc      #.........   24%         2    #......
 Gell's Gravitas          Tloc           #.........   43%         3    ###....
 Lesser Beckoning         Tloc           #.........   43%         3    ###....
 Teleport Other           Tloc           #.......     43%         3    ###....
 Passage of Golubria      Tloc           N/A          85%         4    ####...
 Regeneration             Chrm/Necr      Unusable     N/A         3    N/A

Dungeon Overview and Level Annotations

Branches:
Dungeon (10/15)            Temple (1/1) D:4            Lair (0/6) D:9
    Orc (0/2) D:10

Altars:
Ashenzari
Cheibriados
Elyvilon
Gozag
Hepliaklqana
Makhleb
Nemelex Xobeh
Okawaru
Qazlal
Trog
Uskayaw
Vehumet
Wu Jian
Xom
Yredelemnul
Zin
The Shining One

Shops:
D:7 !

Annotations:
D:5 2 runed translucent doors
D:6 2 runed translucent doors, deifeln's ghost, novice OgHu
D:8 Gastronok


Innate Abilities, Weirdness & Mutations

You are resistant to damage.
You can heal yourself by infusing magical energy.
You passively map the area around you.
You do not regenerate.
You are partially covered in large bone plates. (SH +4)
You are clumsy. (Dex -2)
You are somewhat resistant to further mutation.


Message History

Casting: Vampiric Draining (safe; 2% risk of failure)
Confirm with . or Enter, or press ? or * to list all spells.
Aiming: Vampiric Draining (safe; 2% risk of failure)
Press: ? - help, Shift-Dir - straight line, f/p - merfolk
Aim: a merfolk, wielding a +0 spear (severely wounded)
The merfolk is almost dead.
You feel life coursing into your body. The merfolk hits you with a +0 spear!
* * * LOW HITPOINT WARNING * * *
Unknown command.
Casting: Vampiric Draining (safe; 2% risk of failure)
Confirm with . or Enter, or press ? or * to list all spells.
You don't have enough magic to cast that spell.
Unknown command.
Unknown command.
You closely miss the merfolk.
The merfolk is almost dead.
The merfolk hits you with a +0 spear!
* * * LOW HITPOINT WARNING * * *
The merfolk hits you with a +0 spear.
You die...

### ##.#
##@## ##m##
# ##F## #
##F## ##
#######c##
.# #..F##c##
.# #.8c(h##
.# ##..F#.#
#'###h####(#


You could see a merfolk, a black bear, 2 bullfrogs and 2 centaurs.

Vanquished Creatures
  2 two-headed ogres (D:8)
  Pikel (D:6)
  A centaur zombie (D:10)
  Prince Ribbit (D:8)
  A wraith (D:10)
  A hungry ghost (D:9)
  A steam dragon (D:7)
  2 soldier ants (D:5)
  2 water moccasins (D:5)
  A sky beast (D:7)
  A black bear (D:6)
  2 orc warriors
  A necrophage (D:10)
  4 centaurs
  4 ogres
  A big kobold (D:8)
  A crocodile (D:9)
  Blork the orc (D:6)
  3 bullfrogs
  9 gnoll sergeants
  5 killer bees (D:8)
  12 wights
  5 crimson imps
  A bullfrog zombie (D:5)
  3 hounds
  6 orc priests
  2 jellies
  10 orc wizards
  6 gnoll shamans (Bailey)
  Natasha (thrice) (D:3)
  3 iguanas
  16 worker ants
  A hound skeleton (D:4)
  26 gnolls
  2 worker ant zombies
  13 adders
  3 shadow imps
  An adder zombie (D:5)
  2 adder skeletons
  4 worms
  3 dart slugs
  5 leopard geckos
  39 orcs
  9 bats
  10 giant cockroaches
  12 goblins
  9 hobgoblins
  17 jackals
  18 kobolds
  A quokka (D:3)
  2 ball pythons (D:1)
  5 frilled lizards
  A jackal skeleton (D:5)
  A leopard gecko skeleton (D:6)
  2 quokka skeletons
  10 rats
308 creatures vanquished.

Vanquished Creatures (others)
  A scorpion (D:6)
  An orc (D:6)
2 creatures vanquished.

Grand Total: 310 creatures vanquished

Notes
Turn   | Place    | Note
-------+----------+-------------------------------------------
     0 | D:1      | Dfrag the Deep Dwarf Necromancer began the quest for the
                  | Orb.
     0 | D:1      | Reached XP level 1. HP: 15/15 MP: 3/3
   129 | D:1      | Reached XP level 2. HP: 22/22 MP: 0/5
   707 | D:2      | Reached skill level 5 in Necromancy
   707 | D:2      | Reached XP level 3. HP: 28/28 MP: 5/6
   712 | D:2      | Learned a level 3 spell: Vampiric Draining
   820 | D:2      | Reached XP level 4. HP: 14/36 MP: 1/8
  1629 | D:2      | Reached XP level 5. HP: 39/42 MP: 1/9
  2007 | D:3      | Noticed Natasha
  2036 | D:3      | Killed Natasha
  2045 | D:3      | Noticed Natasha
  2048 | D:3      | Killed Natasha
  2058 | D:3      | Found a white marble altar of Elyvilon.
  2104 | D:3      | Noticed Natasha
  2121 | D:3      | Killed Natasha
  2217 | D:3      | Found a glowing silver altar of Zin.
  2438 | D:4      | Reached XP level 6. HP: 37/49 MP: 11/11
  2621 | D:4      | Found a staircase to the Ecumenical Temple.
  2633 | Temple   | Entered the Ecumenical Temple
  2700 | Temple   | Became a worshipper of Makhleb the Destroyer
  3290 | D:5      | Entered Level 5 of the Dungeon
  3434 | D:5      | Reached XP level 7. HP: 18/55 MP: 13/13
  3541 | D:5      | Reached skill level 1 in Invocations
  3579 | D:5      | Reached * piety under Makhleb
  3579 | D:5      | Reached skill level 1 in Fighting
  3740 | D:5      | Reached skill level 2 in Fighting
  4001 | D:5      | Found an iron altar of Okawaru.
  4085 | D:5      | Found the +9 staff of Olgreb {rPois}
  4172 | D:5      | Found a runed translucent door.
  4177 | D:5      | Found a runed translucent gate.
  4177 | D:5      | Found a runed translucent gate.
  4178 | D:5      | Found a runed translucent door.
  4188 | D:5      | Found a runed translucent gate.
  4317 | D:5      | Learned a level 4 spell: Animate Dead
  4327 | D:5      | Reached XP level 8. HP: 33/68 MP: 12/15
  4384 | D:5      | Reached skill level 3 in Fighting
  4442 | D:5      | Reached skill level 5 in Invocations
  4524 | D:5      | Reached skill level 4 in Fighting
  5018 | D:6      | Reached ** piety under Makhleb
  5028 | D:6      | Reached skill level 1 in Axes
  5171 | D:6      | Reached skill level 5 in Fighting
  5243 | D:6      | Noticed Pikel
  5277 | D:6      | Killed Pikel
  5277 | D:6      | Reached skill level 6 in Fighting
  5277 | D:6      | Gained mutation: You passively map the area around you.
                  | [Deep Dwarf growth]
  5277 | D:6      | Reached XP level 9. HP: 24/82 MP: 11/16
  5785 | D:6      | Gained mutation: You are clumsy. (Dex -2) [potion of
                  | mutation]
  5785 | D:6      | Gained mutation: You are partially covered in large bone
                  | plates. (SH +4) [potion of mutation]
  5785 | D:6      | Gained mutation: You are somewhat resistant to further
                  | mutation. [potion of mutation]
  5831 | D:6      | Noticed Blork the orc
  5839 | D:6      | Killed Blork the orc
  5937 | D:6      | Found a large runed translucent door.
  5937 | D:6      | Found a large runed translucent door.
  5941 | D:6      | Noticed deifeln's ghost (novice OgHu)
  6010 | D:7      | Reached skill level 5 in Axes
  6144 | D:7      | Found a flagged portal.
  6196 | Bailey   | Entered a bailey
  6805 | Bailey   | Reached skill level 7 in Fighting
  7593 | D:7      | Found Sackib's Distillery.
  7631 | D:7      | Reached *** piety under Makhleb
  7784 | D:7      | Reached XP level 10. HP: 89/96 MP: 14/17
  8175 | D:7      | Noticed a two-headed ogre
  8595 | D:9      | Found a radiant altar of Vehumet.
  8691 | D:9      | Reached skill level 8 in Fighting
  8939 | D:8      | Noticed a two-headed ogre
  9442 | D:8      | Killed a two-headed ogre
  9442 | D:8      | Reached skill level 9 in Fighting
  9505 | D:8      | Reached **** piety under Makhleb
  9636 | D:8      | Noticed a two-headed ogre
  9653 | D:8      | Killed a two-headed ogre
  9653 | D:8      | Reached skill level 10 in Fighting
 10002 | D:8      | Noticed Gastronok
 10069 | D:8      | Noticed Prince Ribbit
 10092 | D:8      | Killed Prince Ribbit
 10595 | D:9      | Found a staircase to the Lair.
 10757 | D:10     | Entered Level 10 of the Dungeon
 10902 | D:10     | Reached ***** piety under Makhleb
 10917 | D:10     | Found a staircase to the Orcish Mines.
 10972 | D:10     | Reached XP level 11. HP: 99/109 MP: 18/18
 10994 | D:10     | HP: 3/109 [merfolk/+0 spear (15)]
 10994 | D:10     | Slain by a merfolk

Levels and vault maps discovered:
D:1:      dpeg_arrival_tiny_e, layout_loops_ring, minmay_misc_feat_rows
D:2:      minmay_chambers_of_twos, layout_basic
D:3:      layout_rooms, chequers_temple_overflow_statue_of_worship, uniq_natasha
D:4:      layout_loops_ring, minmay_temple_entry_glassed_door, first_ration,
          sigmund_army
D:5:      layout_loops_cross, okawaru_altar_gauntlet_db, serial_bayou_pond_c,
          minmay_misc_feat_room, minmay_guarded_unrand_staff_of_olgreb
D:6:      layout_loops_cross, ebering_ghost_disaster_area, uniq_blork_the_orc,
          uniq_pikel
D:7:      layout_basic, enter_bailey_3, serial_shops, nicolae_shop_statue_plus
D:8:      layout_basic, uniq_gastronok, uniq_prince_ribbit1
D:9:      layout_irregular_city, nicolae_overflow_crystal_walls,
          lair_entry_dummy
D:10:     layout_rooms, hiddenorc2_lemuel, hangedman_fish_farm, uniq_grum
Temple:   hc_temple_tempest_star
Bailey:   bailey_polearm_gnolls_kennysheep, bailey

Skill      XL: |  1  2  3  4  5  6  7  8  9 10 |
---------------+-------------------------------+-----
Spellcasting   | 2 3 4 |  4.9
Necromancy     | 5 6 7 |  7.5
Invocations    | 4 6 |  6.6
Fighting       | 2 6 7 10 | 10.5
Axes           | 4 7 8 |  8.6
Stealth        | 3 |  3.6
Dodging        | |  2.1

Action                   |  1- 3 |  4- 6 |  7- 9 | 10-12 || total
-------------------------+-------+-------+-------+-------++-------
Melee: Spear             |     5 |    43 |       |       ||    48
       Dagger            |       |   114 |   265 |       ||   379
       War axe           |       |       |     4 |       ||     4
       Scimitar          |       |       |    19 |    89 ||   108
       Long sword        |       |       |     4 |       ||     4
       Flail             |       |       |       |   144 ||   144
 Cast: Pain              |    51 |    62 |    82 |    74 ||   269
       Vampiric Draining |       |    66 |   123 |    65 ||   254
       Animate Dead      |       |       |     4 |       ||     4
 Abil: Heal Wounds       |       |     1 |       |       ||     1
Evoke: Wand              |       |       |     5 |    11 ||    16
  Use: Scroll            |       |       |    11 |       ||    11
       Potion            |       |       |     1 |       ||     1
 Stab: Sleeping          |       |     2 |       |     1 ||     3
       Paralysed         |       |       |    13 |     3 ||    16
  Eat: Chunk             |       |    15 |    22 |    15 ||    52
       Ration            |       |       |       |     2 ||     2
Armor: Robe              |     5 |    59 |    69 |    31 ||   164
       Leather armour    |       |       |       |    49 ||    49
Dodge: Dodged            |    12 |   148 |   200 |   144 ||   504
Block: Other             |       |       |    73 |   111 ||   184
       Reflection        |       |       |     5 |     9 ||    14
       Rpst.: Long sword |       |       |     1 |       ||     1
       Scimitar          |       |       |       |    11 ||    11

Table legend:
 A = Non-vault XP
 B = Vault XP
 C = Vault XP percentage of total XP
 D = Non-vault monster count
 E = Vault monster count
 F = Vault count percentage of total count
                 A         B        C        D         E       F
            +---------+---------+-------+---------+---------+-------
      Total |    7706 |    3608 |  31.9 |     210 |      98 |  31.8
            +---------+---------+-------+---------+---------+-------
        D:1 |      24 |       0 |   0.0 |      14 |       0 |   0.0
        D:2 |     149 |      27 |  15.3 |      39 |       8 |  17.0
        D:3 |     138 |      37 |  21.1 |      27 |       1 |   3.6
        D:4 |     280 |      14 |   4.8 |      16 |       1 |   5.9
        D:5 |     596 |     958 |  61.6 |      24 |      21 |  46.7
        D:6 |     698 |     751 |  51.8 |      15 |       2 |  11.8
        D:7 |    1004 |       8 |   0.8 |      15 |       4 |  21.1
        D:8 |    3092 |     283 |   8.4 |      37 |       1 |   2.6
        D:9 |     920 |       0 |   0.0 |      19 |       0 |   0.0
       D:10 |     805 |     350 |  30.3 |       4 |      30 |  88.2
     Bailey |       0 |    1180 | 100.0 |       0 |      30 | 100.0
            +---------+---------+-------+---------+---------+-------
